 Dungeon Crawl Stone Soup version 0.19-a0-1820-gbf060b2 (webtiles) character file.

330 Deemzul the Poker (level 6, -2/57 HPs)
             Began as a Naga Monk on Oct 6, 2016.
             Slain by an orc
             ... wielding a +0 whip
              (4 damage)
             ... on level 3 of the Dungeon.
             The game lasted 00:04:44 (2997 turns).

Deemzul the Poker (Naga Monk)                       Turns: 2997, Time: 00:04:44

Health: -2/57      AC: 13    Str: 13 (14) XL:     6   Next: 51%
Magic:  6/6        EV:  5    Int: 10      God:
Gold:   116        SH:  0    Dex: 15      Spells: 0 memorised, 5 levels left

rFire  + . .     SeeInvis +     a - +1 spear
rCold  . . .     Gourm    .     k - +1 chain mail
rNeg   . . .     Faith    .     (no shield)
rPois  +         Spirit   .     (no helmet)
rElec  .         Dismiss  .     (no cloak)
rCorr  .         Reflect  .     b - +0 pair of gloves
MR     .....     Harm     .     s - +0 naga barding (curse)
Stlth  ..........               (no amulet)
                                n - ring of protection from fire
                                y - +2 ring of evasion

@: short of breath, very slow
A: see invisible, deformed body, poison resistance, slowness 2, slow metabolism
1, spit poison 1, AC +2
a: Spit Poison


You were on level 3 of the Dungeon.
You were very hungry.

You visited 1 branch of the dungeon, and saw 3 of its levels.

You collected 116 gold pieces.

Inventory:

Hand Weapons
 a - a +1 spear (weapon)
Armour
 b - a +0 pair of gloves (worn)
 k - a +1 chain mail (worn)
 s - a cursed +0 naga barding (worn)
Jewellery
 n - a ring of protection from fire (right hand)
 y - a +2 ring of evasion (left hand)
Scrolls
 d - a scroll of enchant weapon
 g - a scroll of blinking {unknown}
 h - a scroll of amnesia {unknown}
 i - 2 scrolls of fog {unknown}
 j - 5 scrolls of identify {unknown}
 l - a scroll of magic mapping {unknown}
 v - a scroll of random uselessness {unknown}
 w - a scroll of noise {unknown}
 z - 3 scrolls of teleportation {unknown}
Potions
 e - a potion of flight
 m - a potion of brilliance
Comestibles
 c - 4 bread rations
 o - 3 meat rations
 q - a fruit


   Skills:
 + Level 4.1 Fighting
 * Level 5.0 Polearms
 + Level 2.1 Armour
 + Level 3.3 Dodging
 - Level 3.0 Stealth


You had 5 spell levels left.
You didn't know any spells.

Dungeon Overview and Level Annotations

Branches:
Dungeon (3/15)

Altars:
Makhleb
Trog


Innate Abilities, Weirdness & Mutations

You cannot wear boots.
Your serpentine skin is tough. (AC +2)
You have supernaturally acute eyesight. (SInv)
Armour fits poorly on your strangely shaped body.
Your system is resistant to poisons. (rPois)
You cover ground very slowly.
You have a slow metabolism.
You can spit poison.


Message History

* * * LOW HITPOINT WARNING * * *
You have got your breath back.
Press: ? - help, Shift-Dir - straight line, f - orc, p - orc
Aim: an orc, wielding a hand axe The splash of poison misses the orc.
The splash of poison hits the orc.
You kill the orc!
You feel slightly more hungry. The orc hits you with a whip.
* * * LOW HITPOINT WARNING * * *
The orc barely misses you.
You have got your breath back.
Press: ? - help, Shift-Dir - straight line, f - orc
Aim: an orc, wielding a whip The splash of poison hits the orc.
The orc is heavily wounded.
You feel slightly more hungry. The orc hits you but does no damage.
Unknown command.
You barely miss the orc.
The orc is heavily wounded.
The orc hits you with a whip.
You die...

#. ##.#....
#.##....#
#..)....#
####.).## ##.##
#..# ##.# #o# #@#
#.# #.# #.# #.#
#.###############
#...............#
###############.##
#>).


You could see an orc.

Vanquished Creatures
  An ice beast (D:3)
  An orc warrior (D:3)
  2 orc wizards (D:3)
  2 adders
  2 worms
  A dart slug (D:3)
  2 leopard geckos
  3 orcs (D:3)
  4 giant cockroaches
  6 goblins
  8 hobgoblins
  4 jackals (D:2)
  A ball python (D:2)
  9 bats
  6 frilled lizards (D:2)
  5 kobolds
  10 rats
67 creatures vanquished.

Notes
Turn   | Place    | Note
-------+----------+-------------------------------------------
     0 | D:1      | Deemzul the Naga Monk began the quest for the Orb.
     0 | D:1      | Reached XP level 1. HP: 21/21 MP: 1/1
   181 | D:1      | Reached XP level 2. HP: 14/28 MP: 2/2
   619 | D:1      | Reached skill level 1 in Armour
   622 | D:1      | Reached XP level 3. HP: 34/34 MP: 3/3
   960 | D:2      | Found a burning altar of Makhleb.
  1112 | D:2      | Found a bloodstained altar of Trog.
  1388 | D:2      | Reached XP level 4. HP: 22/42 MP: 4/4
  1399 | D:2      | Reached skill level 4 in Polearms
  1415 | D:2      | HP: 2/42 [hobgoblin (3)]
  2097 | D:3      | Reached XP level 5. HP: 40/49 MP: 5/5
  2188 | D:3      | Noticed an ice beast
  2223 | D:3      | Killed an ice beast
  2223 | D:3      | Reached XP level 6. HP: 11/57 MP: 6/6
  2468 | D:3      | Noticed an orc warrior
  2988 | D:3      | Killed an orc warrior
  2988 | D:3      | Reached skill level 5 in Polearms
  2992 | D:3      | HP: 1/57 [orc/whip (3)]
  2997 | D:3      | Slain by an orc

Vault maps used:
D:1:      co_arrival_square_in_a_square_in_a_square, minmay_bisected
D:2:      grunt_temple_overflow_open, first_bread, minmay_joined_circles
D:3:      gammafunk_temple_overflow_claw, serial_bayou_pond_e

Skill      XL: |  1  2  3  4  5  6 |
---------------+-------------------+-----
Armour         | 1 2 |  2.1
Polearms       | 4 5 |  5.0
Fighting       | 4 |  4.1
Dodging        | 3 |  3.3
Stealth        | |  3.0

Action                   |  1- 3 |  4- 6 || total
-------------------------+-------+-------++-------
Melee: Spear             |   156 |   157 ||   313
 Abil: Spit Poison       |     3 |    10 ||    13
  Use: Potion            |     1 |     8 ||     9
       Scroll            |       |     3 ||     3
 Stab: Sleeping          |     5 |       ||     5
       Invisible         |       |     6 ||     6
  Eat: Chunk             |     1 |     4 ||     5
Armor: Robe              |    13 |       ||    13
       Skin              |    11 |       ||    11
       Chain mail        |    60 |    95 ||   155
Dodge: Dodged            |    54 |    25 ||    79
